 Dungeon Crawl Stone Soup version 0.29-a0-563-g64e4043184 (webtiles) character file.

Game seed: 15729940595770886818

170 xian the Covered (level 5, -4/33 HPs)
             Began as a Gargoyle Fighter on June 11, 2022.
             Slain by a gnoll
             ... wielding a +0 halberd
              (7 damage)
             ... on level 3 of the Dungeon.
             The game lasted 00:05:44 (2713 turns).

xian the Covered (Gargoyle Fighter)                 Turns: 2713, Time: 00:05:46

Health: -4/33      AC: 11    Str: 21    XL:     5   Next: 51%
Magic:  5/5        EV:  9    Int:  9    God:
Gold:   89         SH:  4    Dex:  9    Spells: 4/4 levels left

rFire   x . .      SeeInvis .   k - +2 dagger (venom)
rCold   + . .      Faith    .   c - +0 buckler
rNeg    + . .      Spirit   .   b - +0 scale mail
rPois   ∞          Reflect  .   (no helmet)
rElec   +          Harm     .   (no cloak)
rCorr   .          Rampage  .   (no gloves)
Will    .....                   (no boots)
Stlth   ..........              g - amulet of the acrobat
HPRegen 0.11/turn               m - ring of ice
MPRegen 0.09/turn               (no ring)

@: no status effects
A: sickness immunity, AC +4, negative energy resistance 1, electricity
resistance, torment resistance 1, petrification resistance
a: no special abilities


You were on level 3 of the Dungeon.
You visited 1 branch of the dungeon, and saw 3 of its levels.

You collected 89 gold pieces.

Inventory:

Hand Weapons
 k - a +2 dagger of venom (weapon)
Armour
 b - a +0 scale mail (worn)
 c - a +0 buckler (worn)
Jewellery
 g - an amulet of the acrobat (around neck)
 m - a ring of ice (left hand)
Scrolls
 h - a scroll of enchant weapon {unknown}
 i - a scroll of fog {unknown}
 j - 2 scrolls of teleportation
Potions
 d - a potion of might
 e - a potion of lignification
 f - 3 potions of magic
 l - a potion of mutation


   Skills:
 + Level 3.7 Fighting
 + Level 0.1 Short Blades
 + Level 3.3 Maces & Flails
 + Level 4.4 Armour
 + Level 1.2 Dodging
 + Level 0.6 Stealth
 + Level 3.9 Shields


You had 4 spell levels left.
You didn't know any spells.
Your spell library contained the following spells:

 Spells                   Type           Power      Damage    Failure   Level
 Call Canine Familiar     Summ           0%         N/A       99%         3
 Dazzling Flash           Conj/Hex       0%         N/A       99%         3
 Portal Projectile        Hex/Tloc       0%         N/A       99%         3
 Leda's Liquefaction      Hex/Erth       0%         N/A       100%        4
 Agony                    Necr           0%         N/A       100%        5
 Silence                  Hex/Air        0%         N/A       100%        5


Dungeon Overview and Level Annotations

Branches:
Dungeon (3/15)

Altars:


Innate Abilities, Weirdness & Mutations

You are immune to sickness and miasma.
Your stone body is resilient. (AC +4)
You are immune to poison.
You resist negative energy. (rN+)
You are resistant to electric shocks. (rElec)
You are resistant to unholy torment.
You are immune to petrification.


Message History

The gnoll is severely wounded.
The gnoll hits you from afar with a +0 halberd!
You block the gnoll's attack.
You hit the gnoll.
You kill the gnoll!
The gnoll completely misses you.
You see here a +0 whip.
You hit the gnoll.
The gnoll is poisoned.
The gnoll is moderately wounded.
The gnoll hits you from afar with a +0 halberd.
* * * LOW HITPOINT WARNING * * *
You block the gnoll's attack. The gnoll hits you but does no damage.
You closely miss the gnoll.
The gnoll is moderately wounded.
The gnoll hits you but does no damage. You block the gnoll's attack.
The gnoll closely misses you.
You hit the gnoll.
The gnoll looks even sicker.
The gnoll is heavily wounded.
The gnoll hits you but does no damage. You block the gnoll's attack.
The gnoll hits you but does no damage.
You feel better. The gnoll closely misses you.
The gnoll hits you but does no damage. x2
Unknown command.
You hit the gnoll.
You kill the gnoll!
The gnoll barely misses you. x2
You closely miss the kobold. The gnoll completely misses you.
The kobold hits you but does no damage. The gnoll barely misses you.
Unknown command.
You hit the kobold but do no damage. The kobold hits you but does no damage.
The gnoll hits you from afar with a +0 spear.
The gnoll hits you from afar with a +0 halberd.
* * * LOW HITPOINT WARNING * * *
You hit the kobold.
The kobold is poisoned.
The kobold is severely wounded.
The kobold hits you but does no damage.
The gnoll hits you from afar with a +0 spear.
* * * LOW HITPOINT WARNING * * *
The gnoll hits you from afar with a +0 halberd!
You die...

#..........)# #.#
....#.......#.# #..#
###..#...<.##.#######..#
##..##.####.........# ##.
#.# ###.......# #. #.#
#.......# .. #.......# .
#####g.....# #####
..#..@K......##. # #...
#...###g........ ###.#
##...# #.....>##.
....####.......###g.....#
............#....#g.[...#
.....#.......##....######
##.########..........g#
#.)..######..##....#..K.#
##.##........ ###=.###..#


You could see 2 gnolls and a kobold (very poisoned).

Vanquished Creatures
  Natasha (twice) (D:2)
  4 adders
  2 gnolls (D:3)
  3 dart slugs
  7 ball pythons
  6 bats
  5 endoplasms
  A giant cockroach (D:3)
  5 goblins
  9 hobgoblins
  3 jackals (D:1)
  5 kobolds
  A quokka (D:2)
  A frilled lizard (D:1)
  6 rats
60 creatures vanquished.

Notes
Turn   | Place    | Note
-------+----------+-------------------------------------------
     0 | D:1      | xian the Gargoyle Fighter began the quest for the Orb.
     0 | D:1      | Reached XP level 1. HP: 14/14 MP: 1/1
   198 | D:1      | Reached XP level 2. HP: 13/19 MP: 2/2
   819 | D:1      | Found a faded altar of an unknown god.
  1071 | D:1      | Reached XP level 3. HP: 19/23 MP: 3/3
  1497 | D:2      | Noticed Natasha
  1513 | D:2      | Killed Natasha
  1514 | D:2      | Reached XP level 4. HP: 9/29 MP: 4/4
  1795 | D:2      | Reached skill level 4 in Armour
  2068 | D:2      | Reached skill level 1 in Dodging
  2231 | D:2      | Noticed Natasha
  2242 | D:2      | Killed Natasha
  2243 | D:2      | Reached XP level 5. HP: 33/33 MP: 5/5
  2713 | D:3      | Slain by a gnoll

Illustrated notes

Levels and vault maps discovered:
D:1:      minmay_arrival_four_circles, layout_basic,
          ebering_ecumenical_altar_abandoned
D:2:      layout_basic, bh_walls_and_bars, uniq_natasha
D:3:      layout_rooms

Skill      XL: |  1  2  3  4 |
---------------+-------------+-----
Maces & Flails | 3 |  3.3
Armour         | 4 |  4.4
Dodging        | 1 |  1.2
Fighting       | |  3.7
Short Blades   | |  0.1
Stealth        | |  0.6
Shields        | |  3.9

Action                   |  1- 3 |  4- 6 || total
-------------------------+-------+-------++-------
Melee: Flail             |   130 |    29 ||   159
       Dagger            |       |    63 ||    63
  Use: Scroll            |     1 |     4 ||     5
       Potion            |       |     1 ||     1
Armor: Scale mail        |    79 |    49 ||   128
Dodge: Dodged            |    82 |    67 ||   149
Block: Buckler           |    24 |    20 ||    44

Table legend: (Time is in decaauts)
 A = Elapsed time spent in this place.
 B = Non-inter-level travel time spent in this place.
 C = Inter-level travel time spent in this place.
 D = Time resting spent in this place.
 E = Time spent auto-exploring this place.
 F = Levels seen in this place.
 G = Mean time per level.
                   A        B        C        D        E       F      G
               +--------+--------+--------+--------+--------+-----+--------+
         Total |   2781 |   2707 |     74 |     31 |   1688 |   3 |  927.0 |
       Dungeon |   2781 |   2707 |     74 |     31 |   1688 |   3 |  927.0 |
               +--------+--------+--------+--------+--------+-----+--------+

Top non-repeatable levels by time:
     D:2: 1310 daAuts
     D:1: 1236 daAuts
     D:3: 234 daAuts
